 Dungeon Crawl Stone Soup version 0.31-a0-165-g3f4f80340b (webtiles) character file.

Game seed: 17893144159714731454

206 qw the Shooter (level 5, 0/49 HPs)
             Began as a Naga Hunter on June 13, 2023.
             Slain by a shadow imp (1 damage)
             ... summoned by Eustachio
             ... on level 4 of the Dungeon.
             The game lasted 00:01:05 (2766 turns).

qw the Shooter (Naga Hunter)                        Turns: 2766, Time: 00:01:06

Health: 0/49       AC:  5    Str: 13      XL:     5   Next: 84%
Magic:  5/5        EV:  9    Int:  9      God:
Gold:   239        SH:  0    Dex: 11 (17) Spells: 4/4 levels left

rFire   . . .        Y - +2 shortbow
rCold   . . .        (shield currently unavailable)
rNeg    + . .        e - +1 leather armour of the Onion {rElec rN+ rCorr Stlth-}
rPois   +            f - +0 helmet
rElec   +            h - scarf {repulsion}
rCorr   +            (no gloves)
SInv    +            (no barding)
Will    .....        (no amulet) Stlth
                     (no ring)
HPRegen 0.28/turn    (no ring)
MPRegen 0.09/turn

%: repel missiles
@: about to teleport, very slow
A: AC +1, large, see invisible, deformed body, poison resistance, slowness 2,
spit poison 1, naga tail 1
a: Spit Poison


You were on level 4 of the Dungeon.
You visited 1 branch of the dungeon, and saw 4 of its levels.

You collected 239 gold pieces.


Innate Abilities, Weirdness & Mutations

Your serpentine skin is tough. (AC +1)
You have supernaturally acute eyesight. (SInv)
Armour fits poorly on your strangely shaped body.
Your system is resistant to poisons. (rPois)
You cover ground very slowly.
You can spit poison.
You have a snake-like lower body.


   Skills:
 - Level 3.1 Fighting
 + Level 5.8 Ranged Weapons
 - Level 1.5 Dodging
 - Level 1.5 Stealth


You had 4 spell levels left.
You didn't know any spells.
Your spell library was empty.

Inventory:

Hand Weapons
 Y - a +2 shortbow (weapon)
Armour
 e - the +1 leather armour of the Onion (worn) {rElec rN+ rCorr Stlth-}
   (You found it on level 2 of the Dungeon)

   rElec:     It insulates you from electricity.
   rN:        It protects you from negative energy.
   rCorr:     It protects you from acid and corrosion.
   Stlth:     It makes you less stealthy.
 f - a +0 helmet (worn)
 h - a scarf of repulsion (worn)
Scrolls
 b - a scroll of identify
Potions
 c - a potion of magic {unknown}
 g - a potion of might
 j - a potion of mutation {unknown}
 k - a potion of cancellation
 m - a potion of lignification {unknown}

Dungeon Overview and Level Annotations

Branches:
Dungeon (4/15)
 Temple: D:4-7

Altars:
Cheibriados
Ru

Shops:
D:2 (

Annotations:
D:4 Eustachio


Message History

The quasit closely misses you.
The shadow imp lashes its tail.
You shoot an arrow.
The arrow hits the quasit but does no damage.
The quasit is moderately wounded.
You have got your breath back.
The quasit bites you but does no damage.
The quasit claws you but does no damage.
The quasit barely misses you.
The white imp hits you but does no damage.
Eustachio mumbles some strange words.
You shoot an arrow. The arrow hits the quasit.
The quasit is moderately wounded.
The quasit bites you but does no damage.
The quasit claws you.
You feel clumsy. The quasit closely misses you.
The white imp shouts, "Slither hence, thou mewling fob-snatching bloater!"
The white imp hits you but does no damage.
The shadow imp hits you but does no damage.
The quasit bites you but does no damage.
The quasit barely misses you.
The quasit claws you but does no damage.
You shoot an arrow.
The arrow hits the quasit but does no damage.
The quasit is moderately wounded.
The white imp gestures at you.
The puff of frost is repelled.
The quasit completely misses you.
The quasit claws you but does no damage.
The quasit completely misses you. The shadow imp hits you.
The white imp hits you. The white imp freezes you.
2766 ||| READING scroll of teleportation.
As you read the scroll of teleportation, it crumbles to dust.
You feel strangely unstable. The quasit bites you.
You feel clumsy. The quasit claws you. The quasit closely misses you.
Eustachio gestures wildly while chanting.
Eustachio blinks!
The shadow imp hits you.
You die...

#..¤¤¤....##
####.~~~¤~~~.#
#............# .
.####.......# @.
#<.........### ..)
####.........# ....
...........# .....
####......55#r.....
....#....@5¤.....
#####.....#...###
#.....# ...#
#.....# #.# #.....#
.# #.....# .
#######


You could see Eustachio, a quasit (summoned), a river rat (summoned), a white
imp (summoned) and a shadow imp (summoned).

Vanquished Creatures
  Natasha (thrice) (D:3)
  5 adders
  5 worms
  3 orcs (D:3)
  2 bats
  6 endoplasms
  A giant cockroach (D:2)
  6 hobgoblins
  7 jackals (D:1)
  A quokka (D:2)
  7 ball pythons
  9 frilled lizards
  5 goblins
  6 kobolds (D:1)
  8 rats
74 creatures vanquished.

Notes
Turn   | Place    | Note
-------+----------+-------------------------------------------
     0 | D:1      | qw the Naga Hunter began the quest for the Orb.
     0 | D:1      | Reached XP level 1. HP: 19/19 MP: 1/1
     0 | D:1      | 0 ||| qw: Version: 0.2-a-29-gc1b59c4
     0 | D:1      | 0 ||| qw: Game counter: 4748
     0 | D:1      | 0 ||| qw: Always use a shield: true
     0 | D:1      | 0 ||| qw: God list: Okawaru
     0 | D:1      | 0 ||| qw: Allow faded altars: false
     0 | D:1      | 0 ||| qw: Do Orc after D:15 true
     0 | D:1      | 0 ||| qw: Do second Lair branch before Depths: true
     0 | D:1      | 0 ||| qw: Lair rune preference: random
     0 | D:1      | 0 ||| qw: Plans: Normal
     0 | D:1      | 0 ||| PLANNING D:1-11
     9 | D:1      | You fall into a shaft and drop 1 floor!
    17 | D:2      | 17 ||| INVOKING Spit Poison.
    21 | D:2      | Reached skill level 4 in Ranged Weapons
    21 | D:2      | Reached XP level 2. HP: 26/26 MP: 2/2
    40 | D:2      | 40 ||| INVOKING Spit Poison.
    47 | D:2      | 47 ||| INVOKING Spit Poison.
    57 | D:2      | 57 ||| INVOKING Spit Poison.
    63 | D:2      | 63 ||| INVOKING Spit Poison.
    66 | D:2      | 66 ||| INVOKING Spit Poison.
    78 | D:2      | 78 ||| INVOKING Spit Poison.
    84 | D:2      | 84 ||| UPGRADING to +1 hat.
    89 | D:2      | 89 ||| READING scroll labelled XOVUZO DI CUO.
    90 | D:2      | 90 ||| DROPPING scroll of butterflies.
   151 | D:1      | 151 ||| INVOKING Spit Poison.
   157 | D:1      | 157 ||| INVOKING Spit Poison.
   161 | D:1      | 161 ||| INVOKING Spit Poison.
   164 | D:1      | 164 ||| INVOKING Spit Poison.
   166 | D:1      | Reached XP level 3. HP: 27/32 MP: 3/3
   236 | D:1      | 236 ||| INVOKING Spit Poison.
   242 | D:1      | 242 ||| INVOKING Spit Poison.
   247 | D:1      | 247 ||| INVOKING Spit Poison.
   254 | D:1      | 254 ||| INVOKING Spit Poison.
   257 | D:1      | 257 ||| INVOKING Spit Poison.
   294 | D:1      | 294 ||| INVOKING Spit Poison.
   321 | D:1      | 321 ||| INVOKING Spit Poison.
   351 | D:1      | 351 ||| INVOKING Spit Poison.
   446 | D:1      | 446 ||| INVOKING Spit Poison.
   449 | D:1      | 449 ||| INVOKING Spit Poison.
   573 | D:1      | 573 ||| INVOKING Spit Poison.
   592 | D:1      | 592 ||| INVOKING Spit Poison.
   595 | D:1      | 595 ||| INVOKING Spit Poison.
   726 | D:1      | 726 ||| INVOKING Spit Poison.
   766 | D:1      | 766 ||| INVOKING Spit Poison.
  1061 | D:1      | 1061 ||| UPGRADING to +0 helmet.
  1071 | D:1      | 1071 ||| DROPPING +1 hat.
  1072 | D:1      | 1072 ||| UPGRADING to scarf of repulsion.
  1077 | D:1      | 1077 ||| READING scroll labelled HAUVUA ISATY.
  1078 | D:1      | 1078 ||| READING scroll labelled MOGOOCA RETE.
  1109 | D:2      | 1109 ||| INVOKING Spit Poison.
  1170 | D:2      | Reached skill level 5 in Ranged Weapons
  1170 | D:2      | Reached XP level 4. HP: 36/39 MP: 4/4
  1170 | D:2      | 1170 ||| INVOKING Spit Poison.
  1175 | D:2      | 1175 ||| INVOKING Spit Poison.
  1179 | D:2      | 1179 ||| INVOKING Spit Poison.
  1229 | D:2      | 1229 ||| INVOKING Spit Poison.
  1233 | D:2      | 1233 ||| INVOKING Spit Poison.
  1270 | D:2      | 1270 ||| INVOKING Spit Poison.
  1290 | D:2      | 1290 ||| INVOKING Spit Poison.
  1293 | D:2      | 1293 ||| INVOKING Spit Poison.
  1300 | D:2      | Found Soiblie's Antique Weapon Emporium.
  1306 | D:2      | 1306 ||| READING scroll labelled EHYTRY OKKOROR.
  1307 | D:2      | 1307 ||| READING scroll labelled YLEVOAKHOU.
  1308 | D:2      | 1308 ||| INVOKING Spit Poison.
  1311 | D:2      | 1311 ||| READING scroll labelled SECOMPANAX.
  1312 | D:2      | 1312 ||| INVOKING Spit Poison.
  1317 | D:2      | 1317 ||| SHOPLISTING glowing arbalest (172 gold, have 130).
  1317 | D:2      | 1317 ||| SHOPLISTING glowing shortbow (138 gold, have 130).
  1317 | D:2      | 1317 ||| SHOPLISTING longbow (149 gold, have 130).
  1333 | D:2      | 1333 ||| INVOKING Spit Poison.
  1359 | D:2      | 1359 ||| INVOKING Spit Poison.
  1373 | D:2      | 1373 ||| INVOKING Spit Poison.
  1377 | D:2      | Identified the +1 leather armour of the Onion {rElec rN+
                  | rCorr Stlth-}
  1401 | D:2      | 1401 ||| INVOKING Spit Poison.
  1456 | D:2      | 1456 ||| INVOKING Spit Poison.
  1673 | D:2      | 1673 ||| INVOKING Spit Poison.
  1676 | D:2      | Reached skill level 3 in Fighting
  1753 | D:2      | 1753 ||| UPGRADING to +1 leather armour of the Onion {rElec
                  | rN+ rCorr Stlth-}.
  1763 | D:2      | 1763 ||| DROPPING +0 leather armour.
  1764 | D:2      | 1764 ||| READING scroll labelled VAKEZO SAHIPI.
  1765 | D:2      | 1765 ||| READING scroll labelled IDOAGUM RION.
  1839 | D:3      | 1839 ||| INVOKING Spit Poison.
  1890 | D:3      | Noticed Natasha
  1891 | D:3      | 1891 ||| Stepping ~*~*~tactically~*~*~ (outnumbered).
  1893 | D:3      | 1893 ||| INVOKING Spit Poison.
  1896 | D:3      | 1896 ||| INVOKING Spit Poison.
  1896 | D:3      | Killed Natasha
  1897 | D:3      | Reached XP level 5. HP: 45/49 MP: 5/5
  1934 | D:3      | 1934 ||| INVOKING Spit Poison.
  2020 | D:3      | 2020 ||| INVOKING Spit Poison.
  2021 | D:3      | 2021 ||| INVOKING Spit Poison.
  2058 | D:3      | 2058 ||| INVOKING Spit Poison.
  2061 | D:3      | 2061 ||| INVOKING Spit Poison.
  2071 | D:3      | 2071 ||| INVOKING Spit Poison.
  2074 | D:3      | 2074 ||| INVOKING Spit Poison.
  2084 | D:3      | 2084 ||| INVOKING Spit Poison.
  2091 | D:3      | 2091 ||| INVOKING Spit Poison.
  2098 | D:3      | 2098 ||| INVOKING Spit Poison.
  2271 | D:3      | Noticed Natasha
  2275 | D:3      | 2275 ||| INVOKING Spit Poison.
  2280 | D:3      | Killed Natasha
  2401 | D:3      | 2401 ||| INVOKING Spit Poison.
  2457 | D:3      | Found a sacrificial altar of Ru.
  2494 | D:3      | 2494 ||| INVOKING Spit Poison.
  2565 | D:3      | Noticed Natasha
  2566 | D:3      | 2566 ||| INVOKING Spit Poison.
  2569 | D:3      | 2569 ||| INVOKING Spit Poison.
  2570 | D:3      | Killed Natasha
  2577 | D:3      | 2577 ||| INVOKING Spit Poison.
  2692 | D:3      | 2692 ||| READING 2 scrolls labelled WOILLEARPHE.
  2693 | D:3      | 2693 ||| DRINKING 2 murky black potions.
  2703 | D:3      | 2703 ||| DRINKING 2 viscous inky potions.
  2704 | D:3      | 2704 ||| DRINKING 2 clear potions.
  2705 | D:3      | 2705 ||| DRINKING 2 green potions.
  2706 | D:3      | 2706 ||| DROPPING potion of ambrosia.
  2707 | D:3      | 2707 ||| DROPPING scroll of poison.
  2708 | D:3      | 2708 ||| DROPPING potion of attraction.
  2726 | D:4      | Found a snail-covered altar of Cheibriados.
  2738 | D:4      | 2738 ||| READING scroll of enchant weapon.
  2738 | D:4      | 2738 ||| ENCHANTING +1 shortbow.
  2750 | D:4      | Noticed Eustachio
  2751 | D:4      | 2751 ||| INVOKING Spit Poison.
  2757 | D:4      | 2757 ||| INVOKING Spit Poison.
  2765 | D:4      | HP: 10/49 [shadow imp[Eustachio] (5)]
  2765 | D:4      | HP: 3/49 [white imp[Eustachio] (5)]
  2766 | D:4      | 2766 ||| READING scroll of teleportation.
  2766 | D:4      | HP: 1/49 [quasit[Eustachio] (1)]
  2766 | D:4      | Slain by a shadow imp

Levels and vault maps discovered:
D:1:      sevenhm_arrival_forest_fort_large_1, layout_basic
D:2:      minmay_general_purpose_star, layout_basic, serial_shops,
          nicolae_square_shop, minivault_4, kennysheep_big_empty_room
D:3:      layout_basic, nicolae_ru_sacrificial_ziggurat,
          nicolae_figureground_sparkle, uniq_natasha
D:4:      layout_basic, mainiacjoe_overflow_cross_hatched,
          mainiacjoe_overflow_boulevard, minmay_temple_entry_crystal_x,
          uniq_eustachio

Skill      XL: |  1  2  3  4 |
---------------+-------------+-----
Ranged Weapons | 4 5 |  5.8
Fighting       | 3 |  3.1
Dodging        | |  1.5
Stealth        | |  1.5

Action                     |  1- 3 |  4- 6 || total
---------------------------+-------+-------++-------
   Fire: Shortbow          |    80 |    86 ||   166
Ability: Spit Poison       |    27 |    36 ||    63
    Use: Scroll            |     3 |     8 ||    11
         Potion            |       |     4 ||     4
 Armour: Leather armour    |    10 |    30 ||    40
  Dodge: Dodged            |    17 |    30 ||    47
         Repelled          |       |     3 ||     3

Table legend:
 A = Non-vault XP
 B = Vault XP
 C = Vault XP percentage of total XP
 D = Non-vault monster count
 E = Vault monster count
 F = Vault count percentage of total count
                 A         B        C        D         E       F
            +---------+---------+-------+---------+---------+-------
      Total |     239 |      56 |  19.0 |      66 |       8 |  10.8
            +---------+---------+-------+---------+---------+-------
        D:1 |      44 |       3 |   6.4 |      27 |       3 |  10.0
        D:2 |      85 |      18 |  17.5 |      24 |       4 |  14.3
        D:3 |     110 |      35 |  24.1 |      15 |       1 |   6.2
            +---------+---------+-------+---------+---------+-------
